 Dungeon Crawl Stone Soup version 0.28-a0-1435-g82390b3a13 (webtiles) character file.

Game seed: 4647733006545353601

53 Shayle the Grasshopper (level 3, -2/31 HPs)
             Began as a Gnoll Warper on Jan 9, 2022.
             Slain by Robin (7 damage)
             ... on level 2 of the Dungeon.
             The game lasted 00:04:22 (2299 turns).

Shayle the Grasshopper (Gnoll Warper)               Turns: 2299, Time: 00:04:22

Health: -2/31      AC:  3    Str: 10    XL:     3   Next: 89%
Magic:  9/9        EV: 12    Int: 14    God:
Gold:   85         SH:  0    Dex: 11    Spells: 12/12 levels left

rFire   . . .      SeeInvis .   j - +1 dagger (venom)
rCold   . . .      Faith    .   (no shield)
rNeg    . . .      Spirit   .   a - +0 leather armour
rPois   .          Reflect  .   (no helmet)
rElec   .          Harm     .   (no cloak)
rCorr   .          Rampage  .   (no gloves)
Will    .....                   (no boots)
Stlth   +.........              (no amulet)
HPRegen 0.10/turn               (no ring)
MPRegen 0.11/turn               (no ring)

@: no status effects
A: fangs 1, strong nose, distributed training
a: no special abilities


You were on level 2 of the Dungeon.
You visited 1 branch of the dungeon, and saw 3 of its levels.

You collected 85 gold pieces.

Inventory:

Hand Weapons
 j - a +1 dagger of venom (weapon)
Missiles
 c - 5 boomerangs of dispersal (quivered)
 g - 16 poisoned darts
Armour
 a - a +0 leather armour (worn)
Scrolls
 b - a scroll of blinking
 d - 2 scrolls of identify {unknown}
 f - a scroll of enchant armour {unknown}
Potions
 e - a potion of cancellation {unknown}
 h - a potion of brilliance {unknown}
 i - a potion of curing {unknown}


   Skills:
 + Level 4.6 Fighting
 + Level 1.0 Short Blades
 + Level 1.0 Long Blades
 + Level 1.0 Axes
 + Level 1.0 Maces & Flails
 + Level 1.0 Polearms
 + Level 1.0 Staves
 + Level 1.0 Slings
 + Level 1.0 Bows
 + Level 1.0 Crossbows
 + Level 2.6 Throwing
 + Level 2.6 Armour
 + Level 4.6 Dodging
 + Level 1.0 Stealth
 + Level 1.0 Shields
 + Level 4.6 Unarmed Combat
 + Level 5.0 Spellcasting
 + Level 0.7 Conjurations
 + Level 0.7 Hexes
 + Level 0.7 Summonings
 + Level 0.7 Necromancy
 + Level 5.4 Translocations
 + Level 0.7 Transmutations
 + Level 0.7 Fire Magic
 + Level 0.7 Ice Magic
 + Level 0.7 Air Magic
 + Level 0.7 Earth Magic
 + Level 0.7 Poison Magic
 + Level 1.0 Invocations
 + Level 1.0 Evocations


You had 12 spell levels left.
You didn't know any spells.
Your spell library contained the following spells:

 Spells                   Type           Power      Damage    Failure   Level
 Blink                    Tloc           36%        N/A       3%          2
 Gell's Gravitas          Tloc           18%        N/A       8%          3
 Lesser Beckoning         Tloc           18%        N/A       8%          3
 Teleport Other           Tloc           18%        N/A       8%          3
 Manifold Assault         Tloc           18%        N/A       56%         5


Dungeon Overview and Level Annotations

Branches:
Dungeon (3/15)

Altars:

Annotations:
D:2 Natasha, Robin


Innate Abilities, Weirdness & Mutations

You have very sharp teeth.
Your uncanny sense of smell can sniff out nearby items.
Your experience applies equally to all skills.


Message History

You hit the goblin.
You kill the goblin!
The hobgoblin barely misses you.
A goblin comes into view. It is wielding a +0 club.
Robin throws the goblin at you! The goblin closely misses you.
You see here a +0 dagger.
Unknown command.
You barely miss the goblin. The hobgoblin closely misses you.
The goblin hits you with a +0 club.
You miss the goblin.
The hobgoblin no longer looks unusually strong.
The hobgoblin hits you. Robin closely misses you.
The goblin completely misses you.
Unknown command.
You hit the goblin.
The goblin is poisoned.
You bite the goblin.
You kill the goblin!
The hobgoblin hits you.
Robin points. "Kill!"
Robin roars a battlecry!
The hobgoblin goes into a battle-frenzy!
Items here: ( )) †.
You hit the hobgoblin. Your bite misses the hobgoblin.
The hobgoblin is heavily wounded.
The hobgoblin misses you.
You hit the hobgoblin but do no damage.
You punch the hobgoblin, but do no damage.
The hobgoblin is heavily wounded.
The hobgoblin misses you.
Robin hits you from afar with a +2 spear of distortion.
You hit the hobgoblin.
You kill the hobgoblin!
Robin hits you from afar with a +2 spear of distortion.
Robin closely misses you.
Things that are here:
a +0 dagger; a hobgoblin corpse You barely miss Robin.
Your bite misses Robin.
Robin hits you with a +2 spear of distortion.
* * * LOW HITPOINT WARNING * * *
Space warps horribly around you!
You die...

#.# #.# #.# ##.#
#.# ##.÷#
######.###.#.##
#....g..g.###.#
#.####§).## ##.#
#)# ####.## ..#
#g# ##.# #g#
#@##.>............
#)#....[..........
#.#..#.....#.##.##
#.# #.#####.# #
#.# #. .# #.# # #
#.. ### .


You could see Robin.

Vanquished Creatures
  An adder (D:2)
  5 ball pythons
  3 bats (D:1)
  3 endoplasms (D:1)
  3 giant cockroaches
  9 goblins
  3 hobgoblins
  5 kobolds (D:1)
  3 quokkas (D:1)
  3 frilled lizards (D:1)
  3 rats
41 creatures vanquished.

Vanquished Creatures (others)
  A fungus (D:2)
1 creature vanquished.

Grand Total: 42 creatures vanquished

Notes
Turn   | Place    | Note
-------+----------+-------------------------------------------
     0 | D:1      | Shayle the Gnoll Warper began the quest for the Orb.
     0 | D:1      | Reached XP level 1. HP: 20/20 MP: 6/6
   204 | D:1      | Reached XP level 2. HP: 18/26 MP: 7/7
   723 | D:1      | Reached XP level 3. HP: 29/31 MP: 9/9
   923 | D:1      | Reached skill level 5 in Spellcasting
  1237 | D:2      | Noticed Natasha
  1486 | D:2      | Noticed Robin
  1884 | D:2      | Reached skill level 1 in Invocations
  2289 | D:2      | Reached skill level 1 in Short Blades
  2289 | D:2      | Reached skill level 1 in Long Blades
  2289 | D:2      | Reached skill level 1 in Axes
  2289 | D:2      | Reached skill level 1 in Maces & Flails
  2289 | D:2      | Reached skill level 1 in Polearms
  2289 | D:2      | Reached skill level 1 in Staves
  2289 | D:2      | Reached skill level 1 in Slings
  2289 | D:2      | Reached skill level 1 in Bows
  2289 | D:2      | Reached skill level 1 in Crossbows
  2289 | D:2      | Reached skill level 1 in Stealth
  2289 | D:2      | Reached skill level 1 in Shields
  2289 | D:2      | Reached skill level 1 in Evocations
  2299 | D:2      | Slain by Robin

Illustrated notes

Levels and vault maps discovered:
D:1:      psy_arrival_radial02, layout_loops_ring
D:2:      layout_loops_ring, shapermc_ecumenical_altar_rom_forum,
          lemuel_old_faithful, uniq_natasha, uniq_robin
D:3:      layout_loops_cross

Skill      XL: |  1  2  3 |
---------------+----------+-----
Spellcasting   | 5 |  5.0
Invocations    | 1 |  1.0
Short Blades   | 1 |  1.0
Long Blades    | 1 |  1.0
Axes           | 1 |  1.0
Maces & Flails | 1 |  1.0
Polearms       | 1 |  1.0
Staves         | 1 |  1.0
Slings         | 1 |  1.0
Bows           | 1 |  1.0
Crossbows      | 1 |  1.0
Stealth        | 1 |  1.0
Shields        | 1 |  1.0
Evocations     | 1 |  1.0
Fighting       | |  4.6
Throwing       | |  2.6
Armour         | |  2.6
Dodging        | |  4.6
Unarmed Combat | |  4.6
Conjurations   | |  0.7
Hexes          | |  0.7
Summonings     | |  0.7
Necromancy     | |  0.7
Translocations | |  5.4
Transmutations | |  0.7
Fire Magic     | |  0.7
Ice Magic      | |  0.7
Air Magic      | |  0.7
Earth Magic    | |  0.7
Poison Magic   | |  0.7

Action                   || total
-------------------------++-------
Melee: Unarmed           ||    98
       Bite              ||     8
       Punch             ||     3
       Dagger            ||    35
Armor: Leather armour    ||    40
Dodge: Dodged            ||    87

Table legend: (Time is in decaauts)
 A = Elapsed time spent in this place.
 B = Non-inter-level travel time spent in this place.
 C = Inter-level travel time spent in this place.
 D = Time resting spent in this place.
 E = Time spent auto-exploring this place.
 F = Levels seen in this place.
 G = Mean time per level.
                   A        B        C        D        E       F      G
               +--------+--------+--------+--------+--------+-----+--------+
         Total |   2291 |   2106 |    185 |    440 |   1209 |   3 |  763.7 |
       Dungeon |   2291 |   2106 |    185 |    440 |   1209 |   3 |  763.7 |
               +--------+--------+--------+--------+--------+-----+--------+

Top non-repeatable levels by time:
     D:1: 1659 daAuts
     D:2: 499 daAuts
     D:3: 131 daAuts
